Canucks vs Moose

Created - November 29, 2025 at 19:54

Goals
1 2 3 T
Canucks 2 1 0 3
Moose 0 0 1 1
Shots
1 2 3 T
Canucks 13 11 12 36
Moose 8 4 11 23

1st period

1. Canucks , Pavel Gogolev 3 (Adam Ollas-Mattsson 10, Lane Pederson 6) at 13:52
2. Canucks , C.J. Smith 3 (Juho Lammikko 5, Axel Holmstrom 8) at 14:11

Penalties :
Aku Raty (Abb) for Hooking (Minor) at 9:53, Logan O'Connor (Man) for Tripping (Minor) at 18:27

2nd period

3. Canucks , Axel Holmstrom 7 (Will Borgen 3) at 1:58

Penalties :
Aliaksei Protas (Man) for Goalie Interference (Minor) at 12:52, William Lockwood (Abb) for Holding Stick (Minor) at 19:13

3rd period

4. Moose , Axel Jonsson-Fjallby 4 (Jean-Luc Foudy 4) at 4:56

Penalties :
Pavel Gogolev (Abb) for Cross-checking (Minor) at 2:19, Juho Lammikko (Abb) for Slashing (Minor) at 9:30, Pavel Gogolev (Abb) for Tripping (Minor) at 13:11

Goalie Stats

Casey DeSmith (Abb), 22 saves from 23 shots - (0.957), W, 6-4-3, 60:00 minutes
Karel Vejmelka (Man), 33 saves from 36 shots - (0.917), L, 6-4-1, 60:00 minutes

Players Stats for Canucks

Player Name              G  A  P  +/- PIM S  H  SB GA TA FO     MP     PP MP  PK MP  
------------------------------------------------------------------------------------
                         0  0  0   0  0   0  0  0  0  0  0/0     0:00   0:00   0:00 
                         0  0  0   0  0   0  0  0  0  0  0/0     0:00   0:00   0:00 
                         0  0  0   0  0   0  0  0  0  0  0/0     0:00   0:00   0:00 
                         0  0  0   0  0   0  0  0  0  0  0/0     0:00   0:00   0:00 
                         0  0  0   0  0   0  0  0  0  0  0/0     0:00   0:00   0:00 
                         0  0  0   0  0   0  0  0  0  0  0/0     0:00   0:00   0:00 
                         0  0  0   0  0   0  0  0  0  0  0/0     0:00   0:00   0:00 
Adam Ollas-Mattsson      0  1  1   3  0   3  1  1  1  0  0/0    27:28   2:35   6:14 
Aku Raty                 0  0  0   0  2   2  0  0  0  0  0/0     7:55   0:00   0:00 
Aleksi Heponiemi         0  0  0   0  0   6  2  1  0  0  2/5    15:43   1:45   0:54 
Axel Holmstrom           1  1  2   2  0   2  2  2  0  0  11/19  21:08   2:13   5:39 
C.J. Smith               1  0  1   2  0   4  4  0  1  0  2/3    19:17   2:13   2:38 
Daniil Miromanov         0  0  0   0  0   2  3  1  0  0  0/0    20:17   1:23   3:41 
Guillaume Brisebois      0  0  0   0  0   0  1  1  0  0  0/0    20:17   1:23   3:41 
Jack Rathbone            0  0  0  -1  0   1  0  3  0  1  0/0    12:15   0:00   0:00 
Jackson Hallum           0  0  0   0  0   0  0  0  0  0  0/0     8:27   0:00   0:49 
Juho Lammikko            0  1  1   2  2   5  0  0  1  0  5/7    20:23   2:13   4:41 
Kristian Vesalainen      0  0  0   0  0   2  0  0  0  0  2/2    14:38   1:45   0:00 
Lane Pederson            0  1  1   0  0   0  2  0  0  0  2/7    11:21   0:00   0:19 
Maxim Letunov            0  0  0   0  0   0  0  2  1  1  2/3    10:18   0:00   1:39 
Pavel Gogolev            1  0  1   0  4   1  1  1  0  1  0/1    11:44   0:00   0:49 
Tobias Lindberg          0  0  0   0  0   1  1  0  0  0  0/0    10:59   0:00   0:00 
Will Borgen              0  1  1  -1  0   0  0  1  0  0  0/0    12:15   0:00   0:00 
William Lagesson         0  0  0   3  0   0  0  0  0  1  0/0    27:28   2:35   6:14 
William Lockwood         0  0  0   0  2   7  3  0  0  0  0/0    18:07   1:45   2:22 

Players Stats for Moose

Player Name              G  A  P  +/- PIM S  H  SB GA TA FO     MP     PP MP  PK MP  
------------------------------------------------------------------------------------
                         0  0  0   0  0   0  0  0  0  0  0/0     0:00   0:00   0:00 
                         0  0  0   0  0   0  0  0  0  0  0/0     0:00   0:00   0:00 
                         0  0  0   0  0   0  0  0  0  0  0/0     0:00   0:00   0:00 
                         0  0  0   0  0   0  0  0  0  0  0/0     0:00   0:00   0:00 
                         0  0  0   0  0   0  0  0  0  0  0/0     0:00   0:00   0:00 
                         0  0  0   0  0   0  0  0  0  0  0/0     0:00   0:00   0:00 
                         0  0  0   0  0   0  0  0  0  0  0/0     0:00   0:00   0:00 
Adam Ginning             0  0  0   0  0   0  0  1  0  0  0/0    12:33   0:00   0:00 
Alexander Holtz          0  0  0   0  0   1  0  0  0  0  0/0     9:23   0:08   0:00 
Aliaksei Protas          0  0  0  -1  2   1  1  0  0  0  0/0    11:43   0:00   0:00 
Axel Jonsson-Fjallby     1  0  1   0  0   3  1  0  0  1  0/0     9:27   0:00   0:00 
Boris Katchouk           0  0  0   0  0   3  1  1  1  1  0/1    17:48   4:41   1:12 
Caleb Jones              0  0  0  -1  0   2  2  1  0  0  0/0    26:32   5:40   2:52 
Cole Perfetti            0  0  0  -1  0   0  0  0  0  0  0/0    12:01   0:03   0:14 
Eetu Luostarinen         0  0  0  -1  0   0  1  1  0  0  0/0    20:58   5:11   2:32 
Isaak Phillips           0  0  0   0  0   0  1  0  0  0  0/0    12:33   0:00   0:00 
Jake Leschyshyn          0  0  0  -1  0   0  2  0  0  0  10/24  20:40   5:06   2:31 
Jean-Luc Foudy           0  1  1   0  0   0  0  0  0  0  2/5     9:24   0:08   0:01 
Joey Keane               0  0  0  -1  0   1  5  2  0  1  0/0    20:55   4:15   1:06 
Josh Mahura              0  0  0  -1  0   3  0  0  1  0  0/0    20:55   4:15   1:06 
Juuso Valimaki           0  0  0  -1  0   0  2  1  0  1  0/0    26:32   5:40   2:52 
Logan O'Connor           0  0  0   0  2   2  1  0  0  0  0/0    17:02   4:41   0:00 
Mitchell Stephens        0  0  0  -1  0   0  0  0  2  0  4/4    11:43   0:00   0:00 
Morgan Barron            0  0  0   0  0   6  1  0  0  0  3/11   17:59   4:41   1:26 
Morgan Geekie            0  0  0  -1  0   1  0  0  0  0  2/2    17:52   5:06   0:00 

3 Stars

1 - Axel Holmstrom (Abb)
2 - C.J. Smith (Abb)
3 - Adam Ollas-Mattsson (Abb)

Power Play

Canucks - 0 on 2 Attempt(s) - 0.00%
Moose - 0 on 5 Attempt(s) - 0.00%

Penalty Kill

Canucks - 5 on 5 Attempt(s) - 100.00% - Score 0 goal in Penalty Kill
Moose - 2 on 2 Attempt(s) - 100.00% - Score 0 goal in Penalty Kill

Team Stat

Canucks - Hits : 20 - Faceoff Wins : 26 - Blocked Shots : 13 - Penalty Minutes : 10
Moose - Hits : 18 - Faceoff Wins : 21 - Blocked Shots : 7 - Penalty Minutes : 4

Official

Referees : Marc Joannette and Garrett Rank
Linesman : Bevan Mills and Brad Kovachik

Game Notes

No Game Note

Finance

Level 1 -- Attendance: 1840 (92.00%) -- Ticket Income $128,800
Level 2 -- Attendance: 855 (85.50%) -- Ticket Income $34,200
Total Attendance: 2695 (89.83%)
Total Ticket Income: $163,000
Other Income: $8,150
Total Income: $171,150

Canucks

5 vs 5 Forward 
   Center                   Left Wing                Right Wing               Time % Phy DF OF 
 1 Axel Holmstrom           C.J. Smith               Juho Lammikko            40     1   2  2  
 2 Aleksi Heponiemi         Kristian Vesalainen      William Lockwood         30     1   2  2  
 3 Lane Pederson            Pavel Gogolev            Tobias Lindberg          20     1   2  2  
 4 Maxim Letunov            Jackson Hallum           Aku Raty                 10     1   2  2  

5 vs 5 Defense 
   Defense                  Defense                                           Time % Phy DF OF 
 1 Adam Ollas-Mattsson      William Lagesson                                  40     1   2  2  
 2 Daniil Miromanov         Guillaume Brisebois                               30     1   2  2  
 3 Will Borgen              Jack Rathbone                                     20     1   2  2  
 4 Adam Ollas-Mattsson      William Lagesson                                  10     1   2  2  

PowerPlay Forward 
   Center                   Left Wing                Right Wing               Time % Phy DF OF 
 1 Axel Holmstrom           C.J. Smith               Juho Lammikko            60     1   2  2  
 2 Aleksi Heponiemi         Kristian Vesalainen      William Lockwood         40     1   2  2  

PowerPlay Defense
   Defense                  Defense                                           Time % Phy DF OF 
 1 Adam Ollas-Mattsson      William Lagesson                                  60     1   2  2  
 2 Daniil Miromanov         Guillaume Brisebois                               40     1   2  2  

Penalty Kill 4 Players Forward 
   Center                   Wing                     Time % Phy DF OF 
 1 Juho Lammikko            Axel Holmstrom           60     1   2  2  
 2 C.J. Smith               William Lockwood         40     1   2  2  

Penalty Kill 4 Players Defense
   Defense                  Defense                  Time % Phy DF OF 
 1 Adam Ollas-Mattsson      William Lagesson         60     1   2  2  
 2 Daniil Miromanov         Guillaume Brisebois      40     1   2  2  

Penalty Kill - 3 Players Forward 
   Forward                                           Time % Phy DF OF 
 1 Juho Lammikko                                     60     1   2  2  
 2 Axel Holmstrom                                    40     1   2  2  

Penalty Kill - 3 Players Defense
   Defense                  Defense                  Time % Phy DF OF 
 1 Adam Ollas-Mattsson      William Lagesson         60     1   2  2  
 2 Daniil Miromanov         Guillaume Brisebois      40     1   2  2  

4 vs 4 Forward 
   Center                   Wing                     Time % Phy DF OF 
 1 Juho Lammikko            Axel Holmstrom           60     1   2  2  
 2 C.J. Smith               William Lockwood         40     1   2  2  

4 vs 4 Defense
   Defense                  Defense                  Time % Phy DF OF 
 1 Adam Ollas-Mattsson      William Lagesson         60     1   2  2  
 2 Daniil Miromanov         Guillaume Brisebois      40     1   2  2  

Last Minutes Offensive
   Center                   Left Wing                Right Wing               Defense                  Defense                  
   Axel Holmstrom           C.J. Smith               Juho Lammikko            Adam Ollas-Mattsson      William Lagesson         

Last Minutes Defensive
   Center                   Left Wing                Right Wing               Defense                  Defense                  
   Axel Holmstrom           C.J. Smith               Juho Lammikko            Adam Ollas-Mattsson      William Lagesson         

Goaltenders
Starting : Casey DeSmith            
Backup : Ian Scott                

Extra Forwards
Normal : Lane Pederson, Tobias Lindberg, Maxim Letunov - PP : Lane Pederson, Tobias Lindberg - PK : Maxim Letunov
Extra Defensemen
Normal : Will Borgen, Jack Rathbone, Daniil Miromanov - PP : Will Borgen - PK : Jack Rathbone, Daniil Miromanov
Penalty Shots
Juho Lammikko, Axel Holmstrom, C.J. Smith, William Lockwood, Aleksi Heponiemi
Custom OT Lines Forwards
Juho Lammikko, Axel Holmstrom, C.J. Smith, William Lockwood, Aleksi Heponiemi, Lane Pederson, Tobias Lindberg, Maxim Letunov, Kristian Vesalainen, Pavel Gogolev
Custom OT Lines Defensemen
Adam Ollas-Mattsson, William Lagesson, Daniil Miromanov, Guillaume Brisebois, Will Borgen

Scratches
Albert Lyckasen (Healthy), Ryan O'Rourke (Healthy), Michael Benning (Healthy), Jakob Forsbacka-Karlsson (Healthy), Jay O'Brien (Healthy)
John Hayden (Healthy), Chase Yoder (Healthy), Michael Kesselring (Healthy), Jonathan Kovacevic (Healthy), Rasmus Asplund (Healthy)
Jan Bednar (Healthy)

Moose

5 vs 5 Forward 
   Center                   Left Wing                Right Wing               Time % Phy DF OF 
 1 Jake Leschyshyn          Eetu Luostarinen         Morgan Geekie            35     1   2  2  
 2 Morgan Barron            Boris Katchouk           Logan O'Connor           30     1   2  2  
 3 Mitchell Stephens        Cole Perfetti            Aliaksei Protas          20     1   2  2  
 4 Jean-Luc Foudy           Axel Jonsson-Fjallby     Alexander Holtz          15     1   2  2  

5 vs 5 Defense 
   Defense                  Defense                                           Time % Phy DF OF 
 1 Juuso Valimaki           Caleb Jones                                       40     1   2  2  
 2 Josh Mahura              Joey Keane                                        30     1   2  2  
 3 Adam Ginning             Isaak Phillips                                    20     1   2  2  
 4 Juuso Valimaki           Caleb Jones                                       10     1   2  2  

PowerPlay Forward 
   Center                   Left Wing                Right Wing               Time % Phy DF OF 
 1 Jake Leschyshyn          Eetu Luostarinen         Morgan Geekie            60     1   2  2  
 2 Morgan Barron            Boris Katchouk           Logan O'Connor           40     1   2  2  

PowerPlay Defense
   Defense                  Defense                                           Time % Phy DF OF 
 1 Juuso Valimaki           Caleb Jones                                       60     1   2  2  
 2 Josh Mahura              Joey Keane                                        40     1   2  2  

Penalty Kill 4 Players Forward 
   Center                   Wing                     Time % Phy DF OF 
 1 Jake Leschyshyn          Eetu Luostarinen         60     1   2  2  
 2 Morgan Barron            Boris Katchouk           40     1   2  2  

Penalty Kill 4 Players Defense
   Defense                  Defense                  Time % Phy DF OF 
 1 Juuso Valimaki           Caleb Jones              60     1   2  2  
 2 Josh Mahura              Joey Keane               40     1   2  2  

Penalty Kill - 3 Players Forward 
   Forward                                           Time % Phy DF OF 
 1 Jake Leschyshyn                                   60     1   2  2  
 2 Morgan Barron                                     40     1   2  2  

Penalty Kill - 3 Players Defense
   Defense                  Defense                  Time % Phy DF OF 
 1 Juuso Valimaki           Caleb Jones              60     1   2  2  
 2 Josh Mahura              Joey Keane               40     1   2  2  

4 vs 4 Forward 
   Center                   Wing                     Time % Phy DF OF 
 1 Jake Leschyshyn          Eetu Luostarinen         60     1   2  2  
 2 Morgan Barron            Boris Katchouk           40     1   2  2  

4 vs 4 Defense
   Defense                  Defense                  Time % Phy DF OF 
 1 Juuso Valimaki           Caleb Jones              60     1   2  2  
 2 Josh Mahura              Joey Keane               40     1   2  2  

Last Minutes Offensive
   Center                   Left Wing                Right Wing               Defense                  Defense                  
   Jake Leschyshyn          Eetu Luostarinen         Morgan Geekie            Juuso Valimaki           Caleb Jones              

Last Minutes Defensive
   Center                   Left Wing                Right Wing               Defense                  Defense                  
   Jake Leschyshyn          Eetu Luostarinen         Morgan Geekie            Juuso Valimaki           Caleb Jones              

Goaltenders
Starting : Karel Vejmelka           
Backup : Daniel Vladar            

Extra Forwards
Normal : Boris Katchouk, Morgan Barron, Axel Jonsson-Fjallby - PP : Boris Katchouk, Morgan Barron - PK : Boris Katchouk
Extra Defensemen
Normal : Joey Keane, Adam Ginning, Isaak Phillips - PP : Joey Keane - PK : Joey Keane, Adam Ginning
Penalty Shots
Eetu Luostarinen, Morgan Geekie, Jake Leschyshyn, Logan O'Connor, Boris Katchouk
Custom OT Lines Forwards
Eetu Luostarinen, Morgan Geekie, Jake Leschyshyn, Logan O'Connor, Boris Katchouk, Morgan Barron, Axel Jonsson-Fjallby, Mitchell Stephens, Aliaksei Protas, Cole Perfetti
Custom OT Lines Defensemen
Juuso Valimaki, Caleb Jones, Josh Mahura, Joey Keane, Adam Ginning

Scratches
Elliot Desnoyers (Healthy), Riley Damiani (Healthy), Brett Berard (Healthy), Daemon Hunt (Healthy), Marat Khusnutdinov (Healthy)
Jaret Anderson-Dolan (Healthy), Mikael Pyyhtia (Healthy), Tyrel Bauer (Healthy), Julien Gauthier (Healthy), John Beecher (Healthy)
Juuso Parssinen (Healthy), Lukas Rousek (Healthy), Olle Eriksson Ek (Healthy)

% Time on Ice - Canucks

Lines # - Real PCT - Wanted PCT - Time Play
Normal Forward
1 - 29% - 40% - 13:22
2 - 31% - 30% - 14:19
3 - 24% - 20% - 10:51
4 - 16% - 10% - 7:35
Normal Defense
1 - 37% - 40% - 17:15
2 - 33% - 30% - 15:13
3 - 27% - 20% - 12:15
4 - 3% - 10% - 1:24
PP Forward
1 - 56% - 60% - 2:13
2 - 44% - 40% - 1:45
PP Defense
1 - 65% - 60% - 2:35
2 - 35% - 40% - 1:23
PK Forward
1 - 73% - 60% - 7:17
2 - 27% - 40% - 2:38
PK Defense
1 - 63% - 60% - 6:14
2 - 37% - 40% - 3:41
PK3 Forward
1 - 0% - 60%
2 - 0% - 40%
PK3 Defense
1 - 0% - 60%
2 - 0% - 40%
44 Forward
1 - 0% - 60%
2 - 0% - 40%
44 Defense
1 - 0% - 60%
2 - 0% - 40%
Last Minute Offensive  - 0:00
Last Minute Defensive  - 0:00
Total
Forward - 60:00
Defense - 60:00

% Time on Ice - Moose

Lines # - Real PCT - Wanted PCT - Time Play
Normal Forward
1 - 28% - 35% - 13:05
2 - 26% - 30% - 12:06
3 - 25% - 20% - 11:43
4 - 20% - 15% - 9:13
Normal Defense
1 - 37% - 40% - 16:50
2 - 34% - 30% - 15:34
3 - 27% - 20% - 12:33
4 - 3% - 10% - 1:10
PP Forward
1 - 53% - 60% - 5:14
2 - 47% - 40% - 4:41
PP Defense
1 - 57% - 60% - 5:40
2 - 43% - 40% - 4:15
PK Forward
1 - 74% - 60% - 2:55
2 - 26% - 40% - 1:03
PK Defense
1 - 72% - 60% - 2:52
2 - 28% - 40% - 1:06
PK3 Forward
1 - 0% - 60%
2 - 0% - 40%
PK3 Defense
1 - 0% - 60%
2 - 0% - 40%
44 Forward
1 - 0% - 60%
2 - 0% - 40%
44 Defense
1 - 0% - 60%
2 - 0% - 40%
Last Minute Offensive  - 0:00
Last Minute Defensive  - 0:00
Total
Forward - 60:00
Defense - 60:00

Play-by-Play

1st period


0:01 of 1st period - Axel Holmstrom wins face-off versus Jake Leschyshyn in neutral zone.
0:39 of 1st period - Slapshot by Aleksi Heponiemi.
0:39 of 1st period - Stopped by Karel Vejmelka with a rebound.
0:55 of 1st period - Wrist shot by Axel Jonsson-Fjallby.
0:55 of 1st period - Stopped by Casey DeSmith with a rebound.
1:01 of 1st period - Slapshot by Aleksi Heponiemi.
1:01 of 1st period - Shot Blocked by Joey Keane.
1:03 of 1st period - Wrist shot by Kristian Vesalainen.
1:03 of 1st period - Deflect By Aleksi Heponiemi.
1:03 of 1st period - Stopped by Karel Vejmelka with a rebound.
1:05 of 1st period - Slapshot by William Lockwood.
1:05 of 1st period - Stopped by Karel Vejmelka with a rebound.
1:07 of 1st period - Wrist shot by William Lagesson.
1:07 of 1st period - Deflect By Aleksi Heponiemi.
1:07 of 1st period - Stopped by Karel Vejmelka with a rebound.
1:19 of 1st period - Snap shot by William Lockwood.
1:19 of 1st period - Stopped by Karel Vejmelka without a rebound.
1:20 of 1st period - Mitchell Stephens wins face-off versus Lane Pederson in Moose zone.
1:20 of 1st period - Mitchell Stephens is hit by Daniil Miromanov.
1:32 of 1st period - Mitchell Stephens is hit by Lane Pederson and loses puck.
2:07 of 1st period - Slapshot by Morgan Barron.
2:07 of 1st period - Deflect By Boris Katchouk.
2:07 of 1st period - Shot Misses the Net.
2:07 of 1st period - Puck is out of play.
2:08 of 1st period - Maxim Letunov wins face-off versus Morgan Barron in Canucks zone.
3:17 of 1st period - Slapshot by Alexander Holtz.
3:17 of 1st period - Stopped by Casey DeSmith without a rebound.
3:18 of 1st period - Jean-Luc Foudy wins face-off versus Aleksi Heponiemi in Canucks zone.
3:29 of 1st period - Josh Mahura is hit by Aleksi Heponiemi and loses puck.
3:49 of 1st period - Wrist shot by Morgan Barron.
3:49 of 1st period - Shot Blocked by Axel Holmstrom.
4:11 of 1st period - Wrist shot by Lane Pederson.
4:11 of 1st period - Shot Misses the Net.
4:27 of 1st period - Slapshot by Mitchell Stephens.
4:27 of 1st period - Shot Misses the Net.
4:29 of 1st period - Backhand shot by Isaak Phillips.
4:29 of 1st period - Shot Misses the Net.
5:30 of 1st period - Wrist shot by Tobias Lindberg.
5:30 of 1st period - Shot Blocked by Joey Keane.
6:09 of 1st period - Slapshot by Juho Lammikko.
6:09 of 1st period - Stopped by Karel Vejmelka with a rebound.
6:33 of 1st period - Snap shot by Aleksi Heponiemi.
6:33 of 1st period - Stopped by Karel Vejmelka without a rebound.
6:34 of 1st period - Morgan Barron wins face-off versus Aleksi Heponiemi in Moose zone.
7:05 of 1st period - Adam Ginning is hit by Pavel Gogolev and loses puck.
7:26 of 1st period - Snap shot by Axel Holmstrom.
7:26 of 1st period - Shot Misses the Net.
7:55 of 1st period - Wrist shot by Mitchell Stephens.
7:55 of 1st period - Shot Blocked by Jack Rathbone.
7:57 of 1st period - Snap shot by Caleb Jones.
7:57 of 1st period - Stopped by Casey DeSmith without a rebound.
7:58 of 1st period - C.J. Smith wins face-off versus Jake Leschyshyn in Canucks zone.
8:17 of 1st period - Jack Rathbone is hit by Joey Keane.
8:35 of 1st period - Wrist shot by Logan O'Connor.
8:35 of 1st period - Shot Misses the Net.
8:37 of 1st period - Wrist shot by Morgan Barron.
8:37 of 1st period - Stopped by Casey DeSmith without a rebound.
8:38 of 1st period - Lane Pederson wins face-off versus Jean-Luc Foudy in Canucks zone.
9:14 of 1st period - Caleb Jones is hit by Axel Holmstrom and loses puck.
9:33 of 1st period - Caleb Jones is hit by William Lockwood and loses puck.
9:53 of 1st period - Minor Penalty to Aku Raty for Hooking.
9:54 of 1st period - Morgan Geekie wins face-off versus Juho Lammikko in Canucks zone.
10:08 of 1st period - Wrist shot by Morgan Geekie.
10:08 of 1st period - Shot Misses the Net.
10:26 of 1st period - Morgan Barron is hit by Daniil Miromanov and loses puck.
10:30 of 1st period - Icing by Joey Keane.
10:31 of 1st period - C.J. Smith wins face-off versus Morgan Barron in Moose zone.
10:36 of 1st period - Wrist shot by William Lockwood.
10:36 of 1st period - Stopped by Karel Vejmelka with a rebound.
10:44 of 1st period - Snap shot by Morgan Barron.
10:44 of 1st period - Shot Blocked by Guillaume Brisebois.
11:02 of 1st period - Snap shot by Morgan Barron.
11:02 of 1st period - Stopped by Casey DeSmith without a rebound.
11:03 of 1st period - Juho Lammikko wins face-off versus Jake Leschyshyn in Canucks zone.
11:16 of 1st period - Wrist shot by Juho Lammikko.
11:16 of 1st period - Stopped by Karel Vejmelka with a rebound.
11:35 of 1st period - Axel Holmstrom is hit by Caleb Jones and loses puck.
11:53 of 1st period - Penalty to Aku Raty is over, Aku Raty is back on ice.
12:13 of 1st period - Snap shot by C.J. Smith.
12:13 of 1st period - Deflect By Joey Keane.
12:13 of 1st period - Shot Misses the Net.
12:13 of 1st period - Puck is out of play.
12:14 of 1st period - Jean-Luc Foudy wins face-off versus Lane Pederson in Moose zone.
12:32 of 1st period - Lane Pederson is hit by Axel Jonsson-Fjallby and loses puck.
13:48 of 1st period - Wrist shot by Lane Pederson.
13:48 of 1st period - Shot Misses the Net.
13:50 of 1st period - Slapshot by Adam Ollas-Mattsson.
13:50 of 1st period - Shot Misses the Net.
13:52 of 1st period - Backhand shot by Pavel Gogolev.
13:52 of 1st period - Goal by Pavel Gogolev - Canucks : 1 - Moose : 0.
13:53 of 1st period - Jake Leschyshyn wins face-off versus Axel Holmstrom in neutral zone.
13:58 of 1st period - Slapshot by Jake Leschyshyn.
13:58 of 1st period - Shot Misses the Net.
14:01 of 1st period - Icing by Adam Ollas-Mattsson.
14:02 of 1st period - Axel Holmstrom wins face-off versus Jake Leschyshyn in Canucks zone.
14:07 of 1st period - Wrist shot by Axel Holmstrom.
14:07 of 1st period - Shot Misses the Net.
14:09 of 1st period - Slapshot by Juho Lammikko.
14:09 of 1st period - Stopped by Karel Vejmelka with a rebound.
14:11 of 1st period - Wrist shot by C.J. Smith.
14:11 of 1st period - Goal by C.J. Smith - Canucks : 2 - Moose : 0.
14:12 of 1st period - Axel Holmstrom wins face-off versus Morgan Barron in neutral zone.
14:42 of 1st period - Slapshot by Daniil Miromanov.
14:42 of 1st period - Shot Blocked by Eetu Luostarinen.
14:44 of 1st period - Slapshot by Daniil Miromanov.
14:44 of 1st period - Stopped by Karel Vejmelka without a rebound.
14:45 of 1st period - Kristian Vesalainen wins face-off versus Jake Leschyshyn in Moose zone.
15:10 of 1st period - C.J. Smith is hit by Joey Keane and loses puck.
15:38 of 1st period - Slapshot by Josh Mahura.
15:38 of 1st period - Stopped by Casey DeSmith with a rebound.
15:40 of 1st period - Slapshot by Joey Keane.
15:40 of 1st period - Stopped by Casey DeSmith with a rebound.
16:02 of 1st period - Wrist shot by William Lagesson.
16:02 of 1st period - Shot Misses the Net.
16:47 of 1st period - Isaak Phillips is hit by C.J. Smith and loses puck.
16:58 of 1st period - Daniil Miromanov is hit by Boris Katchouk and loses puck.
17:09 of 1st period - Slapshot by Morgan Barron.
17:09 of 1st period - Shot Blocked by Pavel Gogolev.
17:41 of 1st period - Wrist shot by Maxim Letunov.
17:41 of 1st period - Shot Blocked by Adam Ginning.
17:43 of 1st period - Slapshot by Daniil Miromanov.
17:43 of 1st period - Shot Misses the Net.
18:04 of 1st period - Off-side.
18:05 of 1st period - Axel Holmstrom wins face-off versus Morgan Barron in neutral zone.
18:27 of 1st period - Minor Penalty to Logan O'Connor for Tripping.
18:28 of 1st period - Axel Holmstrom wins face-off versus Jake Leschyshyn in Moose zone.
19:16 of 1st period - Snap shot by Morgan Barron.
19:16 of 1st period - Shot Blocked by Axel Holmstrom.
19:24 of 1st period - Wrist shot by Boris Katchouk.
19:24 of 1st period - Stopped by Casey DeSmith with a rebound.
Goals for this period are 2 for Canucks vs 0 for Moose.
Shots for this period are 13 for Canucks vs 8 for Moose.

2nd period


0:01 of 2nd period - Jake Leschyshyn wins face-off versus Axel Holmstrom in neutral zone.
0:27 of 2nd period - Penalty to Logan O'Connor is over, Logan O'Connor is back on ice.
1:33 of 2nd period - Snap shot by Juho Lammikko.
1:33 of 2nd period - Deflect By C.J. Smith.
1:33 of 2nd period - Shot Misses the Net.
1:33 of 2nd period - Puck is out of play.
1:34 of 2nd period - Axel Holmstrom wins face-off versus Jean-Luc Foudy in Moose zone.
1:58 of 2nd period - Wrist shot by Axel Holmstrom.
1:58 of 2nd period - Goal by Axel Holmstrom - Canucks : 3 - Moose : 0.
1:59 of 2nd period - Axel Holmstrom wins face-off versus Jake Leschyshyn in neutral zone.
2:02 of 2nd period - Juuso Valimaki is hit by Axel Holmstrom and loses puck.
4:08 of 2nd period - Slapshot by Josh Mahura.
4:08 of 2nd period - Deflect By Aliaksei Protas.
4:08 of 2nd period - Stopped by Casey DeSmith without a rebound.
4:09 of 2nd period - Mitchell Stephens wins face-off versus Axel Holmstrom in Canucks zone.
4:44 of 2nd period - Wrist shot by Jake Leschyshyn.
4:44 of 2nd period - Shot Misses the Net.
4:46 of 2nd period - Snap shot by Caleb Jones.
4:46 of 2nd period - Stopped by Casey DeSmith without a rebound.
4:47 of 2nd period - Morgan Barron wins face-off versus Axel Holmstrom in Canucks zone.
5:50 of 2nd period - Snap shot by Aliaksei Protas.
5:50 of 2nd period - Deflect By Mitchell Stephens.
5:50 of 2nd period - Shot Blocked by Daniil Miromanov.
5:50 of 2nd period - Puck is out of play.
5:51 of 2nd period - Axel Holmstrom wins face-off versus Morgan Barron in Canucks zone.
6:05 of 2nd period - Off-side.
6:06 of 2nd period - Jake Leschyshyn wins face-off versus Aleksi Heponiemi in neutral zone.
6:49 of 2nd period - Axel Holmstrom is hit by Logan O'Connor and loses puck.
7:00 of 2nd period - Wrist shot by Tobias Lindberg.
7:00 of 2nd period - Stopped by Karel Vejmelka without a rebound.
7:01 of 2nd period - Mitchell Stephens wins face-off versus Lane Pederson in Moose zone.
7:31 of 2nd period - Off-side.
7:32 of 2nd period - Jake Leschyshyn wins face-off versus Axel Holmstrom in neutral zone.
8:47 of 2nd period - Wrist shot by Aliaksei Protas.
8:47 of 2nd period - Shot Misses the Net.
8:49 of 2nd period - Snap shot by Aliaksei Protas.
8:49 of 2nd period - Shot Blocked by Adam Ollas-Mattsson.
8:51 of 2nd period - Snap shot by Mitchell Stephens.
8:51 of 2nd period - Shot Blocked by Maxim Letunov.
9:31 of 2nd period - Snap shot by Morgan Barron.
9:31 of 2nd period - Stopped by Casey DeSmith with a rebound.
9:33 of 2nd period - Wrist shot by Logan O'Connor.
9:33 of 2nd period - Shot Misses the Net.
9:35 of 2nd period - Slapshot by Isaak Phillips.
9:35 of 2nd period - Shot Blocked by Aleksi Heponiemi.
10:09 of 2nd period - Lane Pederson is hit by Aliaksei Protas and loses puck.
10:33 of 2nd period - Slapshot by Will Borgen.
10:33 of 2nd period - Shot Misses the Net.
10:35 of 2nd period - Slapshot by Jack Rathbone.
10:35 of 2nd period - Deflect By Juho Lammikko.
10:35 of 2nd period - Stopped by Karel Vejmelka without a rebound.
10:36 of 2nd period - Aleksi Heponiemi wins face-off versus Boris Katchouk in Moose zone.
11:10 of 2nd period - Snap shot by Juho Lammikko.
11:10 of 2nd period - Shot Misses the Net.
11:48 of 2nd period - Slapshot by William Lockwood.
11:48 of 2nd period - Stopped by Karel Vejmelka with a rebound.
12:04 of 2nd period - Slapshot by William Lagesson.
12:04 of 2nd period - Deflect By Maxim Letunov.
12:04 of 2nd period - Shot Misses the Net.
12:04 of 2nd period - Puck is out of play.
12:05 of 2nd period - Maxim Letunov wins face-off versus Morgan Barron in Moose zone.
12:06 of 2nd period - Slapshot by Daniil Miromanov.
12:06 of 2nd period - Stopped by Karel Vejmelka with a rebound.
12:35 of 2nd period - Snap shot by Morgan Geekie.
12:35 of 2nd period - Stopped by Casey DeSmith with a rebound.
12:52 of 2nd period - Minor Penalty to Aliaksei Protas for Goalie Interference.
12:53 of 2nd period - Jake Leschyshyn wins face-off versus C.J. Smith in Moose zone.
13:24 of 2nd period - Slapshot by Adam Ollas-Mattsson.
13:24 of 2nd period - Shot Blocked by Boris Katchouk.
13:26 of 2nd period - Wrist shot by Aleksi Heponiemi.
13:26 of 2nd period - Deflect By Kristian Vesalainen.
13:26 of 2nd period - Stopped by Karel Vejmelka with a rebound.
13:28 of 2nd period - Slapshot by William Lagesson.
13:28 of 2nd period - Shot Misses the Net.
13:30 of 2nd period - Slapshot by Adam Ollas-Mattsson.
13:30 of 2nd period - Stopped by Karel Vejmelka with a rebound.
13:32 of 2nd period - Snap shot by Kristian Vesalainen.
13:32 of 2nd period - Stopped by Karel Vejmelka without a rebound.
13:33 of 2nd period - Jake Leschyshyn wins face-off versus Axel Holmstrom in Moose zone.
14:52 of 2nd period - Penalty to Aliaksei Protas is over, Aliaksei Protas is back on ice.
15:05 of 2nd period - Jean-Luc Foudy is hit by Tobias Lindberg and loses puck.
15:54 of 2nd period - Adam Ollas-Mattsson is hit by Jake Leschyshyn and loses puck.
16:16 of 2nd period - Snap shot by Maxim Letunov.
16:16 of 2nd period - Shot Misses the Net.
16:40 of 2nd period - Slapshot by Axel Holmstrom.
16:40 of 2nd period - Stopped by Karel Vejmelka with a rebound.
16:42 of 2nd period - Snap shot by C.J. Smith.
16:42 of 2nd period - Stopped by Karel Vejmelka with a rebound.
16:54 of 2nd period - Lane Pederson is hit by Morgan Barron and loses puck.
17:12 of 2nd period - Adam Ginning is hit by Daniil Miromanov.
17:35 of 2nd period - Eetu Luostarinen is hit by Adam Ollas-Mattsson and loses puck.
17:50 of 2nd period - Aleksi Heponiemi is hit by Isaak Phillips and loses puck.
19:00 of 2nd period - Snap shot by Aku Raty.
19:00 of 2nd period - Stopped by Karel Vejmelka with a rebound.
19:13 of 2nd period - Minor Penalty to William Lockwood for Holding Stick.
19:14 of 2nd period - Juho Lammikko wins face-off versus Jake Leschyshyn in Canucks zone.
19:14 of 2nd period - Juho Lammikko is hit by Juuso Valimaki.
Goals for this period are 1 for Canucks vs 0 for Moose.
Shots for this period are 11 for Canucks vs 4 for Moose.

3rd period


0:01 of 3rd period - Jake Leschyshyn wins face-off versus Juho Lammikko in neutral zone.
0:08 of 3rd period - Slapshot by Eetu Luostarinen.
0:08 of 3rd period - Shot Misses the Net.
0:10 of 3rd period - Snap shot by Jake Leschyshyn.
0:10 of 3rd period - Deflect By Juho Lammikko.
0:10 of 3rd period - Shot Misses the Net.
0:10 of 3rd period - Puck is out of play.
0:11 of 3rd period - Juho Lammikko wins face-off versus Jake Leschyshyn in Canucks zone.
0:45 of 3rd period - Snap shot by Morgan Barron.
0:45 of 3rd period - Stopped by Casey DeSmith with a rebound.
0:47 of 3rd period - Slapshot by Morgan Barron.
0:47 of 3rd period - Stopped by Casey DeSmith without a rebound.
0:48 of 3rd period - Juho Lammikko wins face-off versus Morgan Barron in Canucks zone.
0:48 of 3rd period - Juho Lammikko is hit by Juuso Valimaki.
1:13 of 3rd period - Penalty to William Lockwood is over, William Lockwood is back on ice.
1:31 of 3rd period - Slapshot by William Lockwood.
1:31 of 3rd period - Stopped by Karel Vejmelka with a rebound.
1:33 of 3rd period - Wrist shot by Maxim Letunov.
1:33 of 3rd period - Shot Misses the Net.
1:35 of 3rd period - Wrist shot by William Lockwood.
1:35 of 3rd period - Shot Blocked by Juuso Valimaki.
1:37 of 3rd period - Slapshot by Jack Rathbone.
1:37 of 3rd period - Stopped by Karel Vejmelka with a rebound.
1:39 of 3rd period - Wrist shot by William Lockwood.
1:39 of 3rd period - Stopped by Karel Vejmelka with a rebound.
1:43 of 3rd period - Wrist shot by William Lockwood.
1:43 of 3rd period - Stopped by Karel Vejmelka with a rebound.
1:49 of 3rd period - Backhand shot by C.J. Smith.
1:49 of 3rd period - Stopped by Karel Vejmelka with a rebound.
1:51 of 3rd period - Slapshot by Adam Ollas-Mattsson.
1:51 of 3rd period - Deflect By Caleb Jones.
1:51 of 3rd period - Stopped by Karel Vejmelka with a rebound.
1:53 of 3rd period - Slapshot by Adam Ollas-Mattsson.
1:53 of 3rd period - Shot Misses the Net.
1:55 of 3rd period - Wrist shot by C.J. Smith.
1:55 of 3rd period - Stopped by Karel Vejmelka without a rebound.
1:56 of 3rd period - Jake Leschyshyn wins face-off versus Pavel Gogolev in Moose zone.
1:56 of 3rd period - Jake Leschyshyn is hit by Lane Pederson.
2:02 of 3rd period - Lane Pederson is hit by Eetu Luostarinen and loses puck.
2:13 of 3rd period - Wrist shot by Morgan Geekie.
2:13 of 3rd period - Shot Misses the Net.
2:19 of 3rd period - Minor Penalty to Pavel Gogolev for Cross-checking.
2:20 of 3rd period - Juho Lammikko wins face-off versus Jake Leschyshyn in Canucks zone.
3:51 of 3rd period - Juuso Valimaki is hit by C.J. Smith and loses puck.
4:17 of 3rd period - C.J. Smith is hit by Joey Keane.
4:19 of 3rd period - Penalty to Pavel Gogolev is over, Pavel Gogolev is back on ice.
4:37 of 3rd period - Maxim Letunov is hit by Joey Keane and loses puck.
4:52 of 3rd period - Snap shot by Axel Jonsson-Fjallby.
4:52 of 3rd period - Stopped by Casey DeSmith with a rebound.
4:54 of 3rd period - Snap shot by Axel Jonsson-Fjallby.
4:54 of 3rd period - Shot Blocked by Jack Rathbone.
4:56 of 3rd period - Wrist shot by Axel Jonsson-Fjallby.
4:56 of 3rd period - Goal by Axel Jonsson-Fjallby - Canucks : 3 - Moose : 1.
4:57 of 3rd period - Jake Leschyshyn wins face-off versus Axel Holmstrom in neutral zone.
5:14 of 3rd period - Snap shot by Morgan Geekie.
5:14 of 3rd period - Shot Misses the Net.
5:34 of 3rd period - Snap shot by William Lockwood.
5:34 of 3rd period - Shot Misses the Net.
5:36 of 3rd period - Snap shot by Aleksi Heponiemi.
5:36 of 3rd period - Stopped by Karel Vejmelka without a rebound.
5:37 of 3rd period - Lane Pederson wins face-off versus Jake Leschyshyn in Moose zone.
6:06 of 3rd period - Josh Mahura is hit by C.J. Smith and loses puck.
6:30 of 3rd period - Slapshot by Adam Ollas-Mattsson.
6:30 of 3rd period - Shot Blocked by Caleb Jones.
6:54 of 3rd period - Backhand shot by Adam Ollas-Mattsson.
6:54 of 3rd period - Deflect By Aku Raty.
6:54 of 3rd period - Stopped by Karel Vejmelka without a rebound.
6:55 of 3rd period - Axel Holmstrom wins face-off versus Jake Leschyshyn in Moose zone.
6:56 of 3rd period - Snap shot by Juho Lammikko.
6:56 of 3rd period - Stopped by Karel Vejmelka without a rebound.
6:57 of 3rd period - Morgan Geekie wins face-off versus Axel Holmstrom in Moose zone.
6:57 of 3rd period - Morgan Geekie is hit by Guillaume Brisebois.
8:35 of 3rd period - Slapshot by Adam Ollas-Mattsson.
8:35 of 3rd period - Stopped by Karel Vejmelka with a rebound.
8:45 of 3rd period - Backhand shot by Morgan Barron.
8:45 of 3rd period - Stopped by Casey DeSmith with a rebound.
8:47 of 3rd period - Slapshot by Josh Mahura.
8:47 of 3rd period - Stopped by Casey DeSmith without a rebound.
8:48 of 3rd period - Kristian Vesalainen wins face-off versus Morgan Barron in Canucks zone.
8:55 of 3rd period - Snap shot by William Lockwood.
8:55 of 3rd period - Shot Misses the Net.
9:01 of 3rd period - Aleksi Heponiemi is hit by Caleb Jones and loses puck.
9:10 of 3rd period - Snap shot by Logan O'Connor.
9:10 of 3rd period - Stopped by Casey DeSmith with a rebound.
9:12 of 3rd period - Wrist shot by Josh Mahura.
9:12 of 3rd period - Shot Blocked by Will Borgen.
9:14 of 3rd period - Backhand shot by Josh Mahura.
9:14 of 3rd period - Stopped by Casey DeSmith with a rebound.
9:16 of 3rd period - Snap shot by Logan O'Connor.
9:16 of 3rd period - Shot Blocked by Jack Rathbone.
9:18 of 3rd period - Wrist shot by Boris Katchouk.
9:18 of 3rd period - Stopped by Casey DeSmith without a rebound.
9:19 of 3rd period - Axel Holmstrom wins face-off versus Jake Leschyshyn in Canucks zone.
9:19 of 3rd period - Axel Holmstrom is hit by Joey Keane.
9:30 of 3rd period - Minor Penalty to Juho Lammikko for Slashing.
9:31 of 3rd period - Jake Leschyshyn wins face-off versus Maxim Letunov in Canucks zone.
10:09 of 3rd period - Boris Katchouk is hit by Aleksi Heponiemi.
10:21 of 3rd period - Snap shot by Juuso Valimaki.
10:21 of 3rd period - Shot Misses the Net.
10:23 of 3rd period - Slapshot by Eetu Luostarinen.
10:23 of 3rd period - Shot Hit the Post.
11:30 of 3rd period - Penalty to Juho Lammikko is over, Juho Lammikko is back on ice.
12:51 of 3rd period - Eetu Luostarinen is hit by William Lockwood and loses puck.
13:05 of 3rd period - Off-side.
13:06 of 3rd period - Morgan Barron wins face-off versus Lane Pederson in neutral zone.
13:09 of 3rd period - Slapshot by Logan O'Connor.
13:09 of 3rd period - Shot Misses the Net.
13:11 of 3rd period - Minor Penalty to Pavel Gogolev for Tripping.
13:12 of 3rd period - Axel Holmstrom wins face-off versus Jake Leschyshyn in Canucks zone.
15:11 of 3rd period - Penalty to Pavel Gogolev is over, Pavel Gogolev is back on ice.
16:49 of 3rd period - Wrist shot by Aleksi Heponiemi.
16:49 of 3rd period - Stopped by Karel Vejmelka without a rebound.
16:50 of 3rd period - Aleksi Heponiemi wins face-off versus Jean-Luc Foudy in Moose zone.
17:17 of 3rd period - Alexander Holtz is hit by William Lockwood and loses puck.
17:28 of 3rd period - Wrist shot by Alexander Holtz.
17:28 of 3rd period - Shot Misses the Net.
17:48 of 3rd period - Wrist shot by William Lockwood.
17:48 of 3rd period - Deflect By Aleksi Heponiemi.
17:48 of 3rd period - Shot Misses the Net.
17:48 of 3rd period - Puck is out of play.
17:49 of 3rd period - Mitchell Stephens wins face-off versus Lane Pederson in Moose zone.
18:14 of 3rd period - Jake Leschyshyn is hit by C.J. Smith and loses puck.
18:21 of 3rd period - Juho Lammikko is hit by Jake Leschyshyn and loses puck.
18:40 of 3rd period - Snap shot by Morgan Barron.
18:40 of 3rd period - Shot Blocked by Maxim Letunov.
18:42 of 3rd period - Slapshot by Boris Katchouk.
18:42 of 3rd period - Stopped by Casey DeSmith with a rebound.
18:44 of 3rd period - Slapshot by Josh Mahura.
18:44 of 3rd period - Deflect By Logan O'Connor.
18:44 of 3rd period - Stopped by Casey DeSmith with a rebound.
Goals for this period are 0 for Canucks vs 1 for Moose.
Shots for this period are 12 for Canucks vs 11 for Moose.